Map: [EWC] Ghost River

Players

Clem

  • Race: Terran Terran
  • Spawn Location: 11:00

Reynor - Winner!

  • Race: Zerg Zerg
  • Spawn Location: 1:00

Event: Esports World Cup 2024

VOD

Have the link to the VOD?

Description

Time

  • Played on: Aug. 15, 2024, 8:43 a.m.
  • Length: 5:33

All games in this series

Show
View Real Time Build Order
Export as new Build Order

Clem Terran 

Build Orders: Gas First Reaper Expand, Hellion Banshee 

Get SALT Encoding   

  12  0:00  SCV  
  13  0:12  SCV  
  14  0:17  Supply Depot  
  14  0:24  SCV  
  15  0:31  Refinery  
  15  0:38  SCV  
  16  0:43  Barracks  
  16  0:51  SCV  
  17  1:03  SCV  
  18  1:15  SCV  
  19  1:30  Orbital Command, Reaper  
  20  1:39  Command Center  
  20  1:51  Factory  
  20  1:56  SCV  
  21  2:07  Supply Depot, Barracks Reactor  
  21  2:09  SCV  
  21  2:15  Refinery  
  22  2:21  SCV  
  23  2:33  SCV  
  24  2:42  Starport  
  24  2:45  SCV  
  24  2:47  Hellion x2  
  29  2:52  Orbital Command  
  29  2:55  Barracks Tech Lab  
  29  2:59  SCV  
  30  3:09  Hellion  
  30  3:11  SCV  
  33  3:13  Hellion  
  35  3:20  SCV  
  35  3:23  SCV  
  35  3:25  Banshee  
  40  3:30  Supply Depot  
  40  3:31  Cloaking Field  
  40  3:34  SCV  
  40  3:37  SCV  
  42  3:42  Hellion  
  42  3:45  Hellion  
  46  3:49  Barracks Tech Lab  
  46  3:52  SCV x2  
  48  3:59  Supply Depot  
  48  4:04  SCV x2  
  48  4:08  Banshee  
  53  4:11  Marine  
  53  4:12  Barracks  
  53  4:14  Factory Reactor  
  53  4:16  Barracks  
  54  4:20  SCV x2  
  54  4:22  Supply Depot  
  56  4:28  Bunker  
  56  4:32  SCV  
  56  4:33  SCV  
  56  4:37  Marine  
  52  4:44  SCV  
  52  4:45  SCV  
  52  4:52  Cyclone  
  54  4:53  Hellion  
  54  4:55  Marine  
  54  4:59  Marine  
  49  5:00  Marine  
  49  5:02  SCV  
Show
View Real Time Build Order
Export as new Build Order

Reynor Zerg - Winner!

Build Orders: Pool First 

Get SALT Encoding   

  12  0:00  Drone  
  13  0:12  Overlord  
  13  0:16  Drone  
  14  0:30  Drone x2  
  17  0:35  Drone  
  17  0:39  Extractor  
  16  0:44  Drone  
  17  0:50  Spawning Pool  
  17  0:55  Drone  
  17  1:06  Drone  
  18  1:20  Hatchery  
  18  1:23  Drone  
  18  1:37  Queen, Zergling x2  
  21  1:44  Metabolic Boost  
  21  1:51  Overlord  
  21  1:54  Zergling x2  
  22  2:09  Drone  
  22  2:10  Drone  
  22  2:13  Queen  
  26  2:21  Drone  
  27  2:31  Queen  
  27  2:32  Drone, Zergling x2  
  31  2:42  Zergling x2  
  32  2:44  Overlord  
  32  2:53  Lair  
  32  2:55  Zergling x6  
  35  3:02  Zergling x2  
  36  3:09  Zergling x4  
  38  3:16  Overlord  
  38  3:19  Zergling x8  
  41  3:25  Pneumatized Carapace  
  41  3:26  Zergling x2  
  42  3:31  Zergling x2  
  42  3:32  Zergling x2  
  44  3:38  Zergling x4  
  46  3:41  Overlord  
  46  3:49  Zergling x4  
  46  4:00  Zergling x6  
  49  4:09  Zergling x6  
  52  4:22  Zergling x4  
  52  4:23  Queen  
  55  4:27  Zergling x2  
  55  4:30  Zergling x2  
  56  4:41  Zergling x4  
  58  4:48  Overlord  
  58  4:50  Queen  
  58  4:55  Overseer  
  58  4:58  Zergling x2  
  55  5:00  Zergling x2  
  55  5:01  Zergling x2  
  52  5:11  Zergling x2  
  53  5:14  Zergling x2  
Tags
 
Add a new tag
Caveats
  • Supply blocks, unpowered buildings, or Contaminate may cause inaccurate times.
  • Supply counts are checked every 10 seconds.